 Dungeon Crawl Stone Soup version 0.29-a0-824-gd827844252 (webtiles) character file.

Game seed: 13792786523870459948

155 NotreDorf the Grave Robber (level 5, -4/39 HPs)
             Began as a Mummy Necromancer on July 10, 2022.
             Slain by Grinder (6 damage)
             ... on level 3 of the Dungeon.
             The game lasted 00:07:33 (2546 turns).

NotreDorf the Grave Robber (Mummy Necromancer)      Turns: 2546, Time: 00:07:34

Health: -4/39      AC:  8    Str: 12    XL:     5   Next: 14%
Magic:  11/11      EV: 12    Int: 16    God:
Gold:   96         SH:  0    Dex: 12    Spells: 11/12 levels left

rFire   x . .      SeeInvis .   f - staff of cold
rCold   + + .      Faith    .   (no shield)
rNeg    + + +      Spirit   .   a - +0 robe
rPois   ∞          Reflect  .   (no helmet)
rElec   .          Harm     .   (no cloak)
rCorr   .          Rampage  .   (no gloves)
Will    .....                   j - +1 pair of boots
Stlth   ++........              (no amulet)
HPRegen 0.13/turn               h - +4 ring of protection
MPRegen 0.12/turn               (no ring)

@: no status effects
A: cold resistance 1, negative energy resistance 3, torment resistance 2, heat
vulnerability 1, in touch with death 1, no potions
a: no special abilities


You were on level 3 of the Dungeon.
You visited 1 branch of the dungeon, and saw 3 of its levels.

You collected 96 gold pieces.

Inventory:

Hand Weapons
 c - a +0 club
 e - a +0 mace
Armour
 a - a +0 robe (worn)
 j - a +1 pair of boots (worn)
Magical Staves
 f - a staff of cold (weapon)
Jewellery
 h - a +4 ring of protection (left hand)
 p - a ring of protection from cold
Wands
 n - a wand of flame (16)
Scrolls
 b - a scroll of vulnerability {unknown}
 d - a scroll of acquirement {unknown}
 g - a scroll of identify {unknown}
 i - a scroll of blinking {unknown}
 k - a scroll of noise {unknown}
 l - 3 scrolls of silence {unknown}
 m - a scroll of immolation {unknown}
 o - a scroll of summoning {unknown}
 q - a scroll of teleportation {unknown}


   Skills:
 + Level 2.6 Fighting
 - Level 1.5 Dodging
 - Level 1.5 Stealth
 + Level 4.3 Spellcasting
 + Level 4.9 Necromancy


You had 11 spell levels left.
You knew the following spells:

 Your Spells              Type           Power      Damage    Failure   Level
a - Necrotise             Necr           100%       1d9       2%          1

Your spell library contained the following spells:

 Spells                   Type           Power      Damage    Failure   Level
 Vampiric Draining        Necr           29%        2d8       6%          3
 Animate Dead             Necr           29%        N/A       22%         4
 Agony                    Necr           29%        N/A       52%         5


Dungeon Overview and Level Annotations

Branches:
Dungeon (3/15)

Altars:
Fedhas

Annotations:
D:2 1 runed translucent door, Crazy Yiuf
D:3 Grinder


Innate Abilities, Weirdness & Mutations

You are immune to poison.
Your flesh is cold resistant. (rC+)
You are immune to negative energy. (rN+++)
You are immune to unholy pain and torment.
You are vulnerable to heat. (rF-)
You are in touch with the powers of death.
You do not drink.


Message History

Grinder is lightly wounded.
Grinder barely misses you.
You barely miss Grinder.
Grinder is lightly wounded.
Grinder misses you.
You hit Grinder but do no damage.
Grinder is lightly wounded.
Grinder blinks!
You hit Grinder.
Grinder is lightly wounded.
Grinder closely misses you.
You hit Grinder.
Grinder is lightly wounded.
Grinder hits you!
* * * LOW HITPOINT WARNING * * *
Grinder barely misses you.
You closely miss Grinder.
Grinder is lightly wounded.
Grinder hits you but does no damage.
You hit Grinder but do no damage.
Grinder is lightly wounded.
Grinder gestures at you. You resist with some effort.
You hit Grinder.
Grinder is lightly wounded.
Grinder hits you.
* * * LOW HITPOINT WARNING * * *
You closely miss Grinder.
Grinder is lightly wounded.
Grinder hits you but does no damage.
You hit Grinder but do no damage.
Grinder is lightly wounded.
Grinder barely misses you. x2
You hit Grinder.
Grinder is lightly wounded.
Grinder completely misses you.
You barely miss Grinder.
Grinder is lightly wounded.
Grinder hits you.
You die...

##########
#.........
#.###########
#)5@.........
#.###########
#.# #.# #.#
#.# #.# #.#
#.#


You could see Grinder.

Vanquished Creatures
  Terence (D:3)
  Natasha (thrice) (D:2)
  An adder (D:2)
  A worm (D:2)
  A dart slug (D:1)
  An orc (D:3)
  7 endoplasms
  2 giant cockroaches
  2 hobgoblins (D:1)
  2 quokkas (D:3)
  A ball python (D:2)
  5 bats
  2 frilled lizards
  6 goblins
  3 kobolds
  2 rats (D:2)
40 creatures vanquished.

Vanquished Creatures (collateral kills)
  A hobgoblin (D:1)
1 creature vanquished.

Grand Total: 41 creatures vanquished

Notes
Turn   | Place    | Note
-------+----------+-------------------------------------------
     0 | D:1      | NotreDorf the Mummy Necromancer began the quest for the
                  | Orb.
     0 | D:1      | Reached XP level 1. HP: 13/13 MP: 4/4
   294 | D:1      | Reached XP level 2. HP: 20/20 MP: 4/6
   490 | D:1      | Reached skill level 1 in Fighting
   895 | D:2      | Noticed Natasha
   899 | D:2      | Killed Natasha
   900 | D:2      | Gained mutation: You are in touch with the powers of death.
                  | [Mummy growth]
   900 | D:2      | Reached XP level 3. HP: 27/27 MP: 2/8
  1029 | D:2      | Found a runed translucent door.
  1030 | D:2      | Noticed Crazy Yiuf
  1324 | D:2      | Reached XP level 4. HP: 33/33 MP: 6/9
  1709 | D:2      | Noticed Natasha
  1713 | D:2      | Killed Natasha
  1721 | D:2      | Noticed Natasha
  1731 | D:2      | Killed Natasha
  1896 | D:3      | Noticed Terence
  1907 | D:3      | Killed Terence
  1908 | D:3      | Reached XP level 5. HP: 11/39 MP: 0/11
  2137 | D:3      | Found a blossoming altar of Fedhas.
  2510 | D:3      | Noticed Grinder
  2522 | D:3      | Paralysed by Grinder for 3 turns
  2546 | D:3      | Slain by Grinder

Illustrated notes

Levels and vault maps discovered:
D:1:      psy_arrival_radial02, layout_basic
D:2:      layout_loops_ring, minmay_pentomino_p2, uniq_crazy_yiuf_cottage,
          uniq_natasha
D:3:      layout_basic, mainiacjoe_overflow_cross_hatched,
          mainiacjoe_overflow_small_starburst, mainiacjoe_overflow_alcove_2,
          portal_sewer_entry_b, uniq_robin, uniq_grinder, uniq_ijyb,
          uniq_terence

Skill      XL: |  1  2  3  4 |
---------------+-------------+-----
Spellcasting   | 3 4 |  4.3
Fighting       | 1 2 |  2.6
Dodging        | |  1.5
Stealth        | |  1.5
Necromancy     | |  4.9

Action                   |  1- 3 |  4- 6 || total
-------------------------+-------+-------++-------
Melee: Club              |     2 |       ||     2
       Staff             |     3 |    22 ||    25
 Cast: Necrotise         |    51 |    36 ||    87
Armor: Robe              |     1 |     8 ||     9
Dodge: Dodged            |    12 |    13 ||    25

Table legend: (Time is in decaauts)
 A = Elapsed time spent in this place.
 B = Non-inter-level travel time spent in this place.
 C = Inter-level travel time spent in this place.
 D = Time resting spent in this place.
 E = Time spent auto-exploring this place.
 F = Levels seen in this place.
 G = Mean time per level.
                   A        B        C        D        E       F      G
               +--------+--------+--------+--------+--------+-----+--------+
         Total |   2554 |   2466 |     88 |      0 |   2013 |   3 |  851.3 |
       Dungeon |   2554 |   2466 |     88 |      0 |   2013 |   3 |  851.3 |
               +--------+--------+--------+--------+--------+-----+--------+

Top non-repeatable levels by time:
     D:2: 1012 daAuts
     D:1: 885 daAuts
     D:3: 655 daAuts
